 Dungeon Crawl Stone Soup version 0.13-a0-2682-gb26bf1a (webtiles) character file.

104 Rycklaryybbe the Sneak (level 2, -2/18 HPs)
             Began as an Octopode Assassin on Aug 13, 2013.
             Slain by a gnoll
             ... wielding a +0,+0 club
              (6 damage)
             ... on Level 1 of the Dungeon.
             The game lasted 00:02:17 (766 turns).

Rycklaryybbe the Sneak (Octopode Assassin)           Turns: 766, Time: 00:02:17

HP  -2/18        AC  1     Str 10      XL: 2   Next: 20%
MP   1/1         EV 10     Int 13      God:
Gold 94          SH  7     Dex 13      Spells:  0 memorised,  1 level left

Res.Fire  : . . .   See Invis. : +   a - +2 dagger {=f}
Res.Cold  : . . .   Warding    : .   j - +0 buckler
Life Prot.: . . .   Conserve   : .   (helmet restricted)
Res.Poison: .       Res.Corr.  : .   (no amulet)
Res.Elec. : .       Clarity    : .   h - ring of see invisible {unknown}
Sust.Abil.: . .     Spirit.Shd : .   (no ring)
Res.Mut.  : .       Stasis     : .   (no ring)
Res.Rott. : .       Flight     : .   (no ring)
Saprovore : . . .                    (no ring)
                                     (no ring)
                                     (no ring)
                                     (no ring)

@: not resistant to hostile enchantments, very stealthy
A: almost no armour, amphibious, 8 rings, constrict 8, camouflage 1, AC +1
a: no special abilities


You were on level 1 of the Dungeon.
You were not hungry.

You visited 1 branch of the dungeon, and saw 1 of its levels.

You collected 44 gold pieces.

Inventory:

Hand weapons
 a - a +2,+2 dagger (weapon) {=f}
 b - a +0 blowgun
Missiles
 e - 24 poisoned needles
 f - 2 curare-tipped needles
Armour
 j - a +0 buckler (worn)
Comestibles
 c - a rotting chunk of bat flesh
 g - 2 bread rations
 r - a rotting chunk of rat flesh
Scrolls
 i - a scroll of noise {unknown}
 k - a scroll of random uselessness {unknown}
 m - a scroll of curse armour {unknown}
 n - a scroll of enchant weapon I {unknown}
 p - a scroll of enchant armour {unknown}
 q - a scroll of remove curse {unknown}
Jewellery
 h - a ring of see invisible (left tentacle) {unknown}
Potions
 d - 3 potions of curing {unknown}
 l - a potion of might {unknown}
 o - a potion of paralysis {unknown}
 s - a potion of agility {unknown}


   Skills:
 - Level 2.0 Fighting
 - Level 2.0 Short Blades
 - Level 2.0 Throwing
 - Level 1.0 Dodging
 + Level 6.1 Stealth


You had one spell level left.
You didn't know any spells.

Dungeon Overview and Level Annotations

Branches:
Dungeon (1/27)

Altars:


Innate Abilities, Weirdness & Mutations

You cannot wear most types of armour.
You are amphibious.
You can wear up to eight rings at the same time.
You can use your tentacles to constrict many enemies at once.
Your skin changes colour to match your surroundings (Stlth).
Your rubbery body absorbs attacks (AC +1).


Message History

You constrict the gnoll, but do no damage.
The gnoll barely misses you.
You hit the gnoll.
The gnoll is lightly wounded.
You constrict the gnoll. The gnoll hits you but does no damage.
You completely miss the gnoll.
The gnoll is lightly wounded.
You constrict the gnoll. You hit the gnoll.
The gnoll is moderately wounded.
You constrict the gnoll. The gnoll hits you with a club!
You hit the gnoll but do no damage.
The gnoll is heavily wounded.
You constrict the gnoll. The gnoll hits you with a club!
* * * LOW HITPOINT WARNING * * *
You are too injured to fight recklessly!
You hit the gnoll.
The gnoll is severely wounded.
You constrict the gnoll. The gnoll hits you with a club.
You die...

..# #.# #.#..#..#.. #.##
#######.#########.#..#..#.#
...###...................###.....
#....########.############....#.#
#..##..## #.# ###..##..#.#
##..###..#############..####..#.#
......###..#.......#..###........
##......##.'..⌠8⌠..'.## #.##..#.#
#....###..#..).@g.#..###.....#.#
#.)###..#############..#####....
#####..###........#.####..###.###
.#...### ##............###....# #
...###.# #..............####.###
.#.....####......................
.#.#............#...##.(..#######
.#.#..#####.....#...........# #
.#.#..#####.....#.###..##.#.# #


You could see a gnoll.

Vanquished Creatures
  A giant cockroach (D:1)
  A goblin (D:1)
  2 hobgoblins (D:1)
  3 bats (D:1)
  2 giant newts (D:1)
  2 rats (D:1)
11 creatures vanquished.

Notes
Turn   | Place    | Note
--------------------------------------------------------------
     0 | D:1      | Rycklaryybbe, the Octopode Assassin, began the quest for the Orb.
     0 | D:1      | Reached XP level 1. HP: 13/13 MP: 0/0
   452 | D:1      | Reached XP level 2. HP: 18/18 MP: 1/1
   495 | D:1      | Reached skill level 6 in Stealth
   766 | D:1      | Slain by a gnoll

Action                   || total
-------------------------++-------
Melee: Dagger            ||    20
  Use: Potion            ||     1
 Stab: Sleeping          ||     7
